 Dungeon Crawl Stone Soup version 0.30-a0-739-gea05faddec (webtiles) character file.

Game seed: 9260861248837284995

20130 jimonade the Thaumaturge (level 13, -29/88 HPs)
             Began as a Djinni Hedge Wizard on Feb 4, 2023.
             Was a Follower of Ashenzari.
             Killed from afar by a bog body (55 damage)
             ... with a bolt of cold
             ... on level 2 of the Lair of Beasts on Feb 5, 2023.
             The game lasted 00:54:07 (13748 turns).

jimonade the Thaumaturge (Djinni Hedge Wizard)     Turns: 13748, Time: 00:54:08

Health: -29/88     AC: 13    Str: 13    XL:     13   Next: 9%
Gold:   654        EV: 12    Int: 24    God:    Ashenzari [*.....] SH:  5 Dex: 14

rFire   + + .      SeeInvis +    b - +2 dagger (venom)
rCold   x . .      Faith    .    (no shield)
rNeg    . . .      Spirit   .    w - +3 ring mail of Supernal Wisdom {Will+ SInv, Evo, Self} (curse)
rPois   ∞          Reflect  +    G - +0 helmet
rElec   .          Harm     .    Q - +0 cloak "Prescient Doubts" {Self, Melee} (curse)
rCorr   .          Rampage  .    i - +0 pair of gloves
Will    +++..                    (boots unavailable)
Stlth   +                        f - amulet of reflection
HPRegen 0.34/turn                o - ring of Cylumn {Str+2 Int+6 Slay+3}
MPRegen 0.00/turn                z - ring of willpower

@: flying
A: sickness immunity, fire resistance 2, cold vulnerability 1, float, innate
caster, HP casting, extra vitality 1
a: Renounce Religion, Curse Item, Shatter the Chains


You were on level 2 of the Lair of Beasts.
You worshipped Ashenzari.
Ashenzari was aware of your devotion.
You visited 3 branches of the dungeon, and saw 14 of its levels.

You collected 654 gold pieces.

Inventory:

Hand Weapons
 b - a +2 dagger of venom (weapon)
 d - a +2 dagger of draining
 n - a +0 sling
 r - a +2 antimagic dagger
 P - a +4 antimagic arbalest
Missiles
 s - 29 poisoned darts
 Z - a throwing net
Armour
 c - a +0 hat
 i - a +0 pair of gloves (worn)
 k - a +0 robe
 w - the cursed +3 ring mail of Supernal Wisdom (worn) {Will+ SInv, Evo, Self}
   (You found it on level 4 of the Dungeon)

   SInv:      It lets you see invisible.
   Will:      It increases your willpower.
   It has a curse which improves the following skills: Evocations: Evocations.
   Introspection: Fighting and Spellcasting.
 y - a +0 leather armour
 G - a +0 helmet (worn)
 L - +0 steam dragon scales
 Q - the cursed +0 cloak "Prescient Doubts" (worn) {Self, Melee}
   (You found it on level 9 of the Dungeon)

   It has a curse which improves the following skills: Introspection: Fighting
   and Spellcasting.
   Melee Combat: Short Blades, Long Blades, Axes, Maces & Flails, Polearms,
   Staves and Unarmed Combat.
 S - +0 acid dragon scales
 W - a +0 troll leather armour
Magical Staves
 a - a staff of conjuration
Jewellery
 f - an amulet of reflection (around neck)
 o - the ring of Cylumn (left hand) {Str+2 Int+6 Slay+3}
   (You found it on level 3 of the Dungeon)

   [ring of intelligence]

   Str:       It affects your strength (+2).
   Int:       It affects your intelligence (+6).
   Slay:      It affects your accuracy & damage with ranged weapons and melee
   (+3).
 q - a ring of willpower
 x - a ring of wizardry
 z - a ring of willpower (right hand)
 C - a ring of wizardry
 M - a ring of resist corrosion
 O - a ring of ice
Wands
 u - a wand of quicksilver (11)
 F - a wand of digging (12)
 K - a wand of mindburst (16)
 N - a wand of polymorph (6)
Scrolls
 g - a scroll of teleportation
 h - 3 scrolls of enchant weapon
 m - 9 scrolls of identify
 v - 4 scrolls of enchant armour
 A - a scroll of fog
 B - 2 scrolls of vulnerability
 D - a scroll of immolation
 H - 2 scrolls of poison
 I - a scroll of magic mapping
 V - 2 scrolls of silence
 X - a scroll of fear
 Y - a scroll of brand weapon
Potions
 e - 4 potions of ambrosia
 j - a potion of resistance
 l - 7 potions of curing
 p - a potion of haste
 t - a potion of berserk rage
 E - a potion of cancellation
 J - 5 potions of attraction
 R - 2 potions of mutation
 T - 2 potions of heal wounds
 U - a potion of brilliance


   Skills:
 * Level 5.2(6.5) Fighting
 + Level 3.8(4.6) Short Blades
 + Level 6.7 Armour
 + Level 5.3 Dodging
 - Level 1.5 Stealth
 + Level 3.3 Shields
 * Level 13.7(14.9) Spellcasting


You had 13 spell levels left.
You knew the following spells:

 Your Spells              Type           Power      Damage    Failure   Level
a - Magic Dart            Conj           100%       1d8       0%          1
b - Slow                  Hex            100%       N/A       0%          1
c - Blink                 Tloc           100%       N/A       1%          2
d - Call Imp              Summ           74%        N/A       1%          2
e - Mephitic Cloud        Conj/Pois/Air  74%        N/A       1%          3
f - Sandblast             Erth           100%       2d20      0%          1
g - Lesser Beckoning      Tloc           100%       N/A       1%          2
h - Call Canine Familiar  Summ           74%        N/A       1%          3
i - Ignite Poison         Fire/Tmut/Pois 74%        N/A       1%          3
j - Yara's Violent Unrav  Hex/Tmut       37%        3d15      1%          5
k - Metabolic Englaciati  Hex/Ice        37%        N/A       1%          5
Your spell library was empty.

Dungeon Overview and Level Annotations

Branches:
Dungeon (11/15)            Temple (1/1) D:4            Lair (2/5) D:11
    Orc (0/2) D:9
  Swamp: Lair:2-3    Shoals: Lair:2-3     Snake: Lair:2-3    Spider: Lair:2-3

Altars:
Ashenzari
Cheibriados
Dithmenos
Elyvilon
Fedhas
Gozag
Hepliaklqana
Makhleb
Nemelex Xobeh
Okawaru
Qazlal
Ru
Trog
Uskayaw
Wu Jian
Xom
Yredelemnul
Zin
The Shining One

Shops:
D:2 ?   D:4 *   D:10 =?**[

Annotations:
D:4 1 runed translucent door
D:5 3 runed translucent doors, yumyumyeen's ghost, novice GnWn
D:6 exclusions: electric eel and 2 more exclusions


Innate Abilities, Weirdness & Mutations

You are immune to sickness and miasma.
You are immune to poison.
Your flesh is very heat resistant. (rF++)
You are vulnerable to cold. (rC-)
You float through the air rather than walking.
You learn spells naturally, not from books.
Your magical power is your life essence.
You have superior vitality. (+4 MHP)


Message History

The stinking cloud engulfs the yak but does no damage.
Your warg bites the yak.
The yak is engulfed in noxious fumes.
The yak appears confused.
The yak is engulfed in noxious fumes.
The yak appears confused.
The magic dart hits the yak.
You kill the yak!
Your warg bites the yak!
Really fire in your warg's direction?
Okay, then.
Your warg bites the yak!
The yak is engulfed in noxious fumes.
The yak appears confused.
Your warg bites the yak!
The yak dies!
Your warg disappears in a puff of smoke!
You see here a yak skeleton.
A bog body comes into view.
A bog body is nearby!
Casting: Magic Dart (safe; 0% risk of failure)
Confirm with . or Enter, or press ? or * to list all spells.
The magic dart hits the bog body!
The bog body is lightly damaged.
The magic dart hits the bog body!
The bog body is moderately damaged.
Really fire in your warg's direction? [Y]es or [N]o only, please.
Really fire in your warg's direction?
Okay, then.
The bog body barely misses your warg.
Your warg bites the bog body!
The bog body gestures at you while chanting.
The bolt of cold hits your warg! The bolt of cold hits you!!!
You feel a terrible chill!
Ouch! That really hurt!
* * * LOW HITPOINT WARNING * * *
Your warg barely misses the bog body.
Your warg bites the bog body.
Your warg closely misses the bog body.
The bog body casts a spell at you. The bolt of cold hits you!!!
You feel a terrible chill!
Ouch! That really hurt!
You die...

##...##......# #......♣
♣♣ ##...#......#
#....♣♣♣≈≈~ #..####....#
#...⌠...♣..
#....##....##
##..÷⌠.....♣ #
#...###.....###.n...♣♣♣~
#
#...##.....÷##..h##...♣
###....#..........##
##.....
.##...........÷....#
#..#
.#..............@### ##
................##
................##
.###.P...........#
#.#####.......#.## ###
#........###
####.......# ##...##...
##...#.# .


You could see a bog body (ally target) and a friendly warg (summoned).

Vanquished Creatures
  A bog body (Lair:2)
  A black mamba (Lair:2)
  3 cane toads
  2 komodo dragons (Lair:1)
  Psyche (D:11)
  A troll (D:10)
  5 blink frogs
  15 yaks
  A steam dragon (D:8)
  An acid dragon (D:9)
  2 water moccasins (Lair:1)
  An orc warrior (D:8)
  4 black bears
  3 ogres
  2 centaurs
  A kobold brigand (D:9)
  A necrophage (D:6)
  5 bullfrogs
  2 scorpions
  4 killer bees (D:9)
  A howler monkey (D:4)
  2 orc priests
  A hound (D:6)
  A gnoll bouda (D:7)
  3 orc wizards
  Natasha (thrice) (D:4)
  An iguana (D:4)
  7 gnolls (D:7)
  6 adders
  A white imp (D:4)
  2 worms
  3 dart slugs
  13 orcs
  A bat (D:3)
  5 endoplasms
  2 giant cockroaches
  8 goblins
  6 hobgoblins
  2 jackals
  7 kobolds
  3 quokkas
  7 ball pythons
  4 frilled lizards
  A goblin zombie (D:4)
  A kobold zombie (D:4)
  3 rats
150 creatures vanquished.

Vanquished Creatures (collateral kills)
  A catoblepas (Lair:2)
  2 two-headed ogres
  2 manticores (D:11)
  A cyclops (D:11)
  A cane toad (Lair:1)
  Maggie (Lair:2)
  A kobold demonologist (D:11)
  4 komodo dragons
  A troll (D:11)
  A polar bear (Lair:2)
  3 blink frogs
  3 wyverns (D:8)
  A shadow (D:11)
  A wraith (D:8)
  17 yaks
  A basilisk (Lair:1)
  A steam dragon (D:7)
  3 water moccasins
  2 acid dragons
  4 orc warriors
  3 black bears
  3 sky beasts
  2 centaurs
  A bullfrog (D:5)
  3 kobold brigands
  2 scorpions (D:6)
  A gnoll sergeant (D:10)
  5 wights (D:8)
  2 howler monkeys
  2 orc priests (D:7)
  A jelly (D:7)
  6 iguanas
  5 orc wizards
  7 gnolls
  3 adders
  A shadow imp (D:6)
  A white imp (D:7)
  A worm (D:5)
  7 orcs
  10 kobolds
  4 frilled lizards (D:7)
121 creatures vanquished.

Vanquished Creatures (others)
  9 fungi
  23 plants
32 creatures vanquished.

Grand Total: 303 creatures vanquished

Notes
Turn   | Place    | Note
-------+----------+-------------------------------------------
     0 | D:1      | jimonade the Djinni Hedge Wizard began the quest for the
                  | Orb.
     0 | D:1      | jimonade set off with the following spells memorised: Magic
                  | Dart, Slow, Blink, Call Imp, Mephitic Cloud.
     0 | D:1      | Reached XP level 1. HP: 15/15 MP: 0/0
   141 | D:1      | You are sucked into a shaft and drop 1 floor!
   141 | D:2      | Found Qaruucua's Magic Scroll Emporium.
   153 | D:2      | Reached XP level 2. HP: 18/21 MP: 0/0
   157 | D:2      | Reached skill level 3 in Spellcasting
   222 | D:2      | Reached XP level 3. HP: 25/25 MP: 0/0
   222 | D:2      | Learned a level 1 spell: Sandblast
   932 | D:3      | Reached XP level 4. HP: 29/31 MP: 0/0
  1035 | D:3      | Identified the ring of Cylumn {Str+2 Int+6 Slay+3}
  1270 | D:3      | Reached skill level 4 in Spellcasting
  1270 | D:3      | Reached XP level 5. HP: 17/35 MP: 0/0
  1270 | D:3      | Learned a level 2 spell: Lesser Beckoning
  1930 | D:4      | Noticed Natasha
  2159 | D:4      | Killed Natasha
  2344 | D:4      | Found a staircase to the Ecumenical Temple.
  2354 | Temple   | Entered the Ecumenical Temple
  2426 | Temple   | Became a worshipper of Ashenzari the Shackled
  2539 | D:4      | Reached skill level 1 in Short Blades
  2539 | D:4      | Reached XP level 6. HP: 20/40 MP: 0/0
  2559 | D:4      | Noticed a human
  2857 | D:4      | Noticed Natasha
  2864 | D:4      | Killed Natasha
  2876 | D:4      | Noticed an ogre
  2884 | D:4      | Killed an ogre
  2885 | D:4      | Reached skill level 5 in Spellcasting
  2919 | D:4      | Found a runed translucent door.
  2923 | D:4      | Found a basalt altar of Yredelemnul.
  2961 | D:4      | Identified the +3 ring mail "Puhoes" {Will+ SInv}
  2966 | D:4      | Reached XP level 7. HP: 42/46 MP: 0/0
  2966 | D:4      | Learned a level 3 spell: Call Canine Familiar
  2975 | D:4      | Noticed Natasha
  3005 | D:4      | Killed Natasha
  3142 | D:4      | Found a snail-covered altar of Cheibriados.
  3291 | D:4      | Found Diunwowi's Overcharged Wands.
  3311 | D:5      | Entered Level 5 of the Dungeon
  3348 | D:5      | Reached skill level 1 in Shields
  3415 | D:5      | Reached skill level 6 in Spellcasting
  3491 | D:5      | Found a runed translucent gate.
  3551 | D:5      | Reached XP level 8. HP: 44/51 MP: 0/0
  3626 | D:5      | Reached skill level 1 in Fighting
  3930 | D:5      | Found a runed translucent gate.
  3935 | D:5      | Found a runed translucent gate.
  3941 | D:5      | Noticed yumyumyeen's ghost (novice GnWn)
  4262 | D:6      | Reached skill level 7 in Spellcasting
  4415 | D:5      | Reached skill level 1 in Armour
  4912 | D:6      | Reached XP level 9. HP: 52/57 MP: 0/0
  4912 | D:6      | Learned a level 3 spell: Ignite Poison
  5416 | D:6      | Reached skill level 8 in Spellcasting
  6186 | D:7      | Found a bloodstained altar of Trog.
  6859 | D:7      | Noticed a komodo dragon
  6876 | D:7      | Killed a komodo dragon
  6877 | D:7      | Reached skill level 9 in Spellcasting
  6877 | D:7      | Reached XP level 10. HP: 61/63 MP: 0/0
  7533 | D:8      | Reached skill level 10 in Spellcasting
  7921 | D:9      | Found a blossoming altar of Fedhas.
  8302 | D:9      | Noticed a two-headed ogre
  8314 | D:9      | Killed a two-headed ogre
  8315 | D:9      | Reached skill level 5 in Armour
  8315 | D:9      | Reached XP level 11. HP: 27/71 MP: 0/0
  8315 | D:9      | Learned a level 5 spell: Yara's Violent Unravelling
  8736 | D:9      | Found a staircase to the Orcish Mines.
  8912 | D:9      | Found an opulent altar of Gozag.
  8940 | D:10     | Entered Level 10 of the Dungeon
  8973 | D:10     | Found Gainai's Jewellery Boutique.
  9026 | D:10     | Reached skill level 11 in Spellcasting
  9050 | D:10     | Found Hekuos's Magic Scroll Shop.
  9054 | D:10     | Found Xabaos's General Store.
  9054 | D:10     | Found Woeczoack's Assorted Antiques.
  9054 | D:10     | Noticed a two-headed ogre
  9074 | D:10     | Killed a two-headed ogre
  9109 | D:10     | Found Konianli's Antique Armour Shop.
  9442 | D:10     | Reached * piety under Ashenzari
  9989 | D:11     | Noticed a manticore
 10005 | D:11     | Killed a manticore
 10169 | D:11     | Noticed a cyclops
 10201 | D:11     | Found a staircase to the Lair.
 10473 | D:11     | Killed a cyclops
 10579 | D:11     | Identified the +1 chain mail of the Six Towns {+Blink rF+
                  | Int-5 Stlth+}
 10755 | D:11     | Noticed Psyche
 10766 | D:11     | Killed Psyche
 10921 | D:11     | Noticed a manticore
 10936 | D:11     | Killed a manticore
 11110 | Lair:1   | Entered Level 1 of the Lair of Beasts
 11209 | Lair:1   | Reached skill level 12 in Spellcasting
 11209 | Lair:1   | Reached XP level 12. HP: 63/81 MP: 0/0
 12229 | Lair:2   | Noticed Maggie
 12250 | Lair:2   | Killed Maggie
 12251 | Lair:2   | Reached skill level 13 in Spellcasting
 12655 | Lair:2   | Reached skill level 5 in Fighting
 12658 | Lair:2   | Reached skill level 5 in Dodging
 13066 | Lair:2   | Noticed a catoblepas
 13097 | Lair:2   | Killed a catoblepas
 13403 | Lair:2   | Reached XP level 13. HP: 71/88 MP: 0/0
 13403 | Lair:2   | Learned a level 5 spell: Metabolic Englaciation
 13748 | Lair:2   | Killed from afar by a bog body

Illustrated notes

Levels and vault maps discovered:
D:1:      eino_arrival_water_star, layout_loops_ring, serial_shops,
          nicolae_shop_trees, minmay_misc_feat_rows
D:2:      layout_rooms, serial_shops, nicolae_shop_window_shopping
D:3:      minmay_angry_zag, layout_basic, nicolae_kikubaaqudgha_miasma_corner
D:4:      layout_rooms, dk_yredelemnul_ordeal, nicolae_overflow_crystal_walls,
          minmay_temple_entry_drinking_statues, nicolae_shop_overcharged_wands,
          uniq_natasha
D:5:      nicolae_cairo_tiling_very_big, layout_cave_pools,
          gammafunk_ghost_nasty_kobolds, minmay_hedge_maze
D:6:      black_bear_nest_1, layout_loops_cross, minmay_statues_item,
          serial_bayou_ford_a
D:7:      layout_basic, old_standard_altar, enter_bailey_3, minmay_lizard_king
D:8:      layout_basic
D:9:      layout_long_grid, lemuel_doored_altar, kennysheep_mini_moat,
          orc_0_dummy
D:10:     layout_basic, serial_shops, nicolae_shop_advertising_works
          [nicolae_subvault_shop_adworks], minmay_misc_feat_x,
          minmay_shop_grid_forest
D:11:     layout_gridville, dpeg_oklobed_lair, chequers_serial_rivers_room_a,
          uniq_psyche
Temple:   nicolae_temple_elliptical
Lair:1:   layout_long_grid, beast_lair_carwin_5, serial_bayou_shore_a,
          grunt_megastairs_5
Lair:2:   layout_layer_cave, nicolae_swamp_entry_splash_gauntlet,
          nicolae_spider_entry_lesser_pyramids, uniq_maggie

Skill      XL: |  1  2  3  4  5  6  7  8  9 10 11 12 |
---------------+-------------------------------------+-----
Spellcasting   | 3 4 5 6 7 9 10 12 13 | 13.7
Short Blades   | 1 2 3 |  3.8
Shields        | 1 2 3 |  3.3
Dodging        | 3 4 5 |  5.3
Fighting       | 1 2 4 5 |  5.2
Armour         | 1 3 5 6 |  6.7
Stealth        | |  1.5

Action                     |  1- 3 |  4- 6 |  7- 9 | 10-12 | 13-15 || total
---------------------------+-------+-------+-------+-------+-------++-------
  Melee: Dagger            |    23 |     8 |    56 |   156 |       ||   243
         Staff             |       |     2 |     1 |       |       ||     3
         Punch             |       |       |     1 |     2 |       ||     3
   Cast: Magic Dart        |    62 |    96 |   106 |    37 |     6 ||   307
         Mephitic Cloud    |       |     8 |    23 |    33 |     1 ||    65
         Call Canine Famil |       |       |    27 |    64 |     2 ||    93
         Slow              |       |       |       |    11 |     2 ||    13
         Sandblast         |       |       |       |    37 |     2 ||    39
         Blink             |       |       |       |     1 |       ||     1
         Yara's Violent Un |       |       |       |     1 |       ||     1
 Invoke: Curse Item        |       |       |       |     2 |       ||     2
   Stab: Confused          |       |       |     3 |     5 |       ||     8
 Armour: Robe              |     1 |    15 |       |       |       ||    16
         Ring mail         |       |       |    28 |    78 |       ||   106
  Dodge: Dodged            |    14 |    40 |    35 |   102 |       ||   191
  Block: Other             |     7 |    13 |    19 |    47 |       ||    86
         Reflection        |       |     1 |     1 |     2 |       ||     4

Table legend: (Time is in decaauts)
 A = Elapsed time spent in this place.
 B = Non-inter-level travel time spent in this place.
 C = Inter-level travel time spent in this place.
 D = Time resting spent in this place.
 E = Time spent auto-exploring this place.
 F = Levels seen in this place.
 G = Mean time per level.
                   A        B        C        D        E       F      G
               +--------+--------+--------+--------+--------+-----+--------+
         Total |  13722 |  13170 |    552 |   2250 |   8317 |  14 |  980.1 |
       Dungeon |  10926 |  10411 |    515 |   1997 |   6293 |  11 |  993.3 |
        Temple |    151 |    129 |     22 |      0 |    112 |   1 |  151.0 |
          Lair |   2644 |   2629 |     15 |    253 |   1912 |   2 | 1322.0 |
               +--------+--------+--------+--------+--------+-----+--------+

Top non-repeatable levels by time:
     D:3: 1810 daAuts
     D:6: 1604 daAuts
  Lair:1: 1324 daAuts
  Lair:2: 1319 daAuts
    D:10: 1230 daAuts
     D:5: 1152 daAuts
     D:7: 1035 daAuts
     D:9: 980 daAuts
    D:11: 932 daAuts
     D:8: 839 daAuts
     D:4: 672 daAuts
     D:2: 528 daAuts
  Temple: 151 daAuts
     D:1: 140 daAuts
